 Dungeon Crawl Stone Soup version 0.28-a0-1206-g193881aaa2 (webtiles) character file.

Game seed: 9106231512687679315

1227 vineage the Fighter (level 8, -6/57 HPs)
             Began as a Gargoyle Fighter on Dec 20, 2021.
             Engulfed by a steam dragon's steam (15 damage)
             ... on level 6 of the Dungeon.
             The game lasted 00:06:44 (6086 turns).

vineage the Fighter (Gargoyle Fighter)              Turns: 6086, Time: 00:06:44

Health: -6/57      AC: 12    Str: 21    XL:     8   Next: 48%
Magic:  8/8        EV: 18    Int:  8    God:
Gold:   297        SH:  5    Dex: 11    Spells: 7/7 levels left

rFire   . . .      SeeInvis .   o - +0 morningstar
rCold   . . .      Faith    .   c - +1 buckler
rNeg    + . .      Spirit   .   b - +0 scale mail
rPois   ∞          Reflect  .   (no helmet)
rElec   +          Harm     .   (no cloak)
rCorr   .          Rampage  .   (no gloves)
Will    .....                   (no boots)
Stlth   +.........              m - amulet of the acrobat
HPRegen 0.19/turn               e - +4 ring of evasion
MPRegen 0.11/turn               l - +4 ring of evasion

@: no status effects
A: sickness immunity, AC +5, negative energy resistance 1, electricity
resistance, torment resistance 1, petrification resistance
a: no special abilities


You were on level 6 of the Dungeon.
You visited 1 branch of the dungeon, and saw 7 of its levels.

You collected 297 gold pieces.

Inventory:

Hand Weapons
 a - a +1 flail
 o - a +0 morningstar (weapon)
Missiles
 d - 2 throwing nets (quivered)
Armour
 b - a +0 scale mail (worn)
 c - a +1 buckler (worn)
Jewellery
 e - a +4 ring of evasion (left hand)
 f - an amulet of guardian spirit
 l - a +4 ring of evasion (right hand)
 m - an amulet of the acrobat (around neck)
Wands
 j - a wand of flame (31)
 p - a wand of iceblast (3)
Scrolls
 h - a scroll of enchant armour
 n - a scroll of enchant weapon
 q - 2 scrolls of identify
Potions
 g - a potion of magic
 i - 3 potions of attraction


   Skills:
 + Level 10.0 Fighting
 - Level 2.0 Maces & Flails
 - Level 3.2 Armour
 - Level 2.8 Dodging
 - Level 3.6 Stealth
 - Level 3.2 Shields


You had 7 spell levels left.
You didn't know any spells.
Your spell library contained the following spells:

 Spells                   Type           Power      Damage    Failure   Level
 Borgnjor's Revivificati  Necr           0%         N/A       100%        8
 Necromutation            Tmut/Necr      0%         N/A       100%        8
 Death's Door             Necr           0%         N/A       100%        9


Dungeon Overview and Level Annotations

Branches:
Dungeon (7/15)
 Temple: D:4-7

Altars:
Gozag
Nemelex Xobeh
Sif Muna
Trog
Vehumet

Annotations:
D:4 3 runed translucent doors, sanka's ghost, novice PaAK


Innate Abilities, Weirdness & Mutations

You are immune to sickness and miasma.
Your stone body is resilient. (AC +5)
You are immune to poison.
You resist negative energy. (rN+)
You are resistant to electric shocks. (rElec)
You are resistant to unholy torment.
You are immune to petrification.


Message History

You are too injured to fight recklessly!
You are too injured to fight recklessly!
You are too injured to fight recklessly!
You are too injured to fight recklessly!
You are too injured to fight recklessly!
You are too injured to fight recklessly!
You are too injured to fight recklessly!
You are too injured to fight recklessly!
You are too injured to fight recklessly!
You are too injured to fight recklessly!
You are too injured to fight recklessly!
You are too injured to fight recklessly!
You are too injured to fight recklessly!
You are too injured to fight recklessly!
You are too injured to fight recklessly!
The steam dragon bites you. The steam dragon completely misses you.
You puncture the steam dragon!
The steam dragon is heavily wounded.
The steam dragon breathes steam at you. The ball of steam hits you!
* * * LOW HITPOINT WARNING * * *
You feel better.
You are engulfed in a cloud of scalding steam.
The steam dragon barely misses you. The steam dragon closely misses you.
You barely miss the steam dragon.
The steam dragon is heavily wounded.
You are engulfed in a cloud of scalding steam.
The steam dragon barely misses you. The steam dragon claws you.
* * * LOW HITPOINT WARNING * * *
You hit the steam dragon.
The steam dragon is heavily wounded.
You are engulfed in a cloud of scalding steam.
* * * LOW HITPOINT WARNING * * *
The steam dragon barely misses you. The steam dragon misses you.
The steam dragon bites you but does no damage.
You block the steam dragon's attack.
You puncture the steam dragon!
The steam dragon is almost dead.
You are engulfed in a cloud of scalding steam.
You die...

......#.......).....'........
......#..####..##...#.§......
..#####..####..##...#§.......
..#.................+§.......
..'.................#........
..#.................#D.......
....#########..##...#>.....##
####........#..######......#
#........#..D@...+......#
#........#.......#
#........#.......#
#........#.##....#
########### #....# #.....#
#.....# #.....# #######


You could see a steam dragon.

Vanquished Creatures
  Menkaure (D:6)
  Duvessa (D:6)
  A black bear (D:6)
  3 ogres
  Dowan (D:6)
  2 hounds (D:5)
  4 orc priests (D:5)
  A gnoll shaman (D:7)
  A centaur skeleton (D:5)
  3 iguanas (D:5)
  3 orc wizards
  A hound skeleton (D:5)
  5 adders
  5 gnolls
  A shadow imp (D:5)
  A worm (D:2)
  2 dart slugs
  25 orcs
  6 bats
  5 endoplasms
  A giant cockroach (D:1)
  2 hobgoblins
  3 jackals (D:1)
  5 quokkas
  2 ball pythons
  3 frilled lizards
  8 goblins
  8 kobolds
  6 rats
110 creatures vanquished.

Notes
Turn   | Place    | Note
-------+----------+-------------------------------------------
     0 | D:1      | vineage the Gargoyle Fighter began the quest for the Orb.
     0 | D:1      | Reached XP level 1. HP: 14/14 MP: 1/1
   194 | D:1      | Reached XP level 2. HP: 20/20 MP: 2/2
   202 | D:1      | Reached skill level 4 in Fighting
   526 | D:1      | Reached XP level 3. HP: 24/24 MP: 3/3
  1088 | D:2      | Reached skill level 5 in Fighting
  1590 | D:3      | Reached XP level 4. HP: 31/31 MP: 4/4
  2431 | D:4      | Found a runed translucent gate.
  2432 | D:4      | Found a runed translucent gate.
  2440 | D:4      | Found an opulent altar of Gozag.
  2440 | D:4      | Found a runed translucent gate.
  2444 | D:4      | Noticed a two-headed ogre
  2444 | D:4      | Noticed sanka's ghost (novice PaAK)
  2445 | D:4      | Noticed an ogre
  2470 | D:4      | Killed an ogre
  2471 | D:4      | Reached skill level 6 in Fighting
  2471 | D:4      | Reached skill level 1 in Dodging
  2471 | D:4      | Reached skill level 1 in Stealth
  2471 | D:4      | Reached XP level 5. HP: 36/36 MP: 5/5
  2665 | D:4      | Found a bloodstained altar of Trog.
  2813 | D:4      | You fall into a shaft and drop 3 floors!
  2923 | D:7      | Reached XP level 6. HP: 12/41 MP: 6/6
  3197 | D:6      | Noticed a black bear
  3212 | D:6      | Killed a black bear
  3461 | D:6      | Noticed Duvessa
  3461 | D:6      | Noticed Dowan
  3489 | D:6      | Killed Duvessa
  3490 | D:6      | Reached skill level 7 in Fighting
  3490 | D:6      | Reached XP level 7. HP: 16/48 MP: 7/7
  3503 | D:6      | Killed Dowan
  3900 | D:6      | Found a radiant altar of Vehumet.
  4129 | D:5      | Entered Level 5 of the Dungeon
  4905 | D:5      | Reached skill level 8 in Fighting
  5163 | D:5      | Reached XP level 8. HP: 55/55 MP: 8/8
  5339 | D:5      | Reached skill level 9 in Fighting
  5496 | D:5      | Found a shimmering blue altar of Sif Muna.
  5497 | D:5      | Found an opulent altar of Gozag.
  5527 | D:5      | Found a sparkling altar of Nemelex Xobeh.
  6046 | D:6      | Noticed Menkaure
  6056 | D:6      | Killed Menkaure
  6057 | D:6      | Reached skill level 10 in Fighting
  6086 | D:6      | Engulfed by a steam dragon's steam

Illustrated notes

Levels and vault maps discovered:
D:1:      elethiomel_arrival_fortress_basement, layout_basic
D:2:      layout_loops_ring
D:3:      minmay_evil_eye, layout_basic, grunt_decor_mini_mirrors,
          kennysheep_generic_room_5
D:4:      layout_cave_pods, mainiacjoe_overflow_chevrons, ebering_ghost_gozag
D:5:      layout_basic, old_standard_altar, gammafunk_temple_overflow_wave
D:6:      layout_gridville, nicolae_vehumet_altar_sigil, minivault_19,
          minmay_misc_feat_ornament, grunt_ministairs_10, roderic_lattice_a,
          hangedman_abyss_or_decor_passed, uniq_duvessa, uniq_menkaure
D:7:      layout_basic, minmay_temple_entry_sparse_star

Skill      XL: |  1  2  3  4  5  6  7  8 |
---------------+-------------------------+-----
Fighting       | 4 5 6 7 8 10 | 10.0
Dodging        | 1 2 |  2.8
Stealth        | 1 3 |  3.6
Maces & Flails | |  2.0
Armour         | |  3.2
Shields        | |  3.2

Action                   |  1- 3 |  4- 6 |  7- 9 || total
-------------------------+-------+-------+-------++-------
Melee: Flail             |   102 |   142 |   105 ||   349
       Morningstar       |       |       |    68 ||    68
  Use: Potion            |     1 |     6 |     2 ||     9
       Scroll            |     7 |     6 |     2 ||    15
 Stab: Invisible         |       |     6 |       ||     6
Armor: Scale mail        |    61 |    67 |    58 ||   186
Dodge: Dodged            |    60 |   125 |   174 ||   359
Block: Buckler           |    16 |    41 |    44 ||   101

Table legend: (Time is in decaauts)
 A = Elapsed time spent in this place.
 B = Non-inter-level travel time spent in this place.
 C = Inter-level travel time spent in this place.
 D = Time resting spent in this place.
 E = Time spent auto-exploring this place.
 F = Levels seen in this place.
 G = Mean time per level.
                   A        B        C        D        E       F      G
               +--------+--------+--------+--------+--------+-----+--------+
         Total |   6201 |   5907 |    294 |    953 |   3904 |   7 |  885.9 |
       Dungeon |   6201 |   5907 |    294 |    953 |   3904 |   7 |  885.9 |
               +--------+--------+--------+--------+--------+-----+--------+

Top non-repeatable levels by time:
     D:5: 1451 daAuts
     D:6: 1120 daAuts
     D:1: 954 daAuts
     D:4: 885 daAuts
     D:3: 825 daAuts
     D:2: 572 daAuts
     D:7: 391 daAuts
